 Dungeon Crawl Stone Soup version 0.25-a0-364-ge76b031baf (webtiles) character file.

Game seed: 7037357933623743225, levelgen mode: deterministic

1183 varam the Destroyer (level 8, 0/52 HPs)
             Began as an Octopode Conjurer on Jan 4, 2020.
             Was an Initiate of Gozag.
             Shot with a sling bullet by Joseph (2 damage)
             ... on level 7 of the Dungeon.
             The game lasted 00:26:29 (7591 turns).

varam the Destroyer (Octopode Conjurer)             Turns: 7591, Time: 00:26:30

Health: 0/52       AC:  1    Str:  8    XL:     8   Next: 42%
Magic:  12/15      EV: 13    Int: 21    God:    Gozag
Gold:   1108       SH:  0    Dex: 14    Spells: 7/17 levels left

rFire    . . .     SeeInvis .   F - +0 dagger (venom)
rCold    . . .     Gourm    .   (no shield)
rNeg     + . .     Faith    .   (helmet restricted)
rPois    .         Spirit   .   E - amulet of inaccuracy
rElec    .         Reflect  .   e - +2 ring of dexterity
rCorr    .         Harm     .   h - +2 ring of intelligence
MR       .....                  p - ring of stealth
Stlth    ++++......             v - ring of positive energy
HPRegen  0.17/turn              (no ring)
MPRegen  0.14/turn              (no ring)
                                (no ring)
                                (no ring)

@: no status effects
A: almost no armour, stealthy swim, amphibious, 8 rings, constrict 8, camouflage
1, gelatinous body 1
a: Potion Petition, Call Merchant, Bribe Branch, Renounce Religion


You were on level 7 of the Dungeon.
You worshipped Gozag.
Gozag was most pleased with you.
You were not hungry.

You visited 1 branch of the dungeon, and saw 7 of its levels.
You also visited: Ossuary.

You collected 1119 gold pieces.
You paid 11 gold pieces to Gozag.

Inventory:

Hand Weapons
 F - a +0 dagger of venom (weapon)
   (You took it off an orc on level 6 of the Dungeon)
Missiles
 a - 6 atropa-tipped darts (quivered)
 r - 5 poisoned darts
Armour
 D - a +0 large shield
   (You found it on level 6 of the Dungeon)
Jewellery
 e - a +2 ring of dexterity (left tentacle)
   (You found it on level 1 of the Dungeon)
 h - a +2 ring of intelligence (right tentacle)
   (You found it on level 1 of the Dungeon)
 p - a ring of stealth (on tentacle)
   (You found it on level 4 of the Dungeon)
 v - a ring of positive energy (on tentacle)
   (You found it on level 5 of the Dungeon)
 E - an amulet of inaccuracy (around mantle)
   (You found it on level 6 of the Dungeon)
Wands
 l - a wand of random effects (40)
   (You took it off a hobgoblin on level 3 of the Dungeon)
 t - a wand of acid (12)
   (You found it on level 5 of the Dungeon)
 y - a wand of paralysis (5)
   (You took it off Ijyb on level 5 of the Dungeon)
Scrolls
 g - 2 scrolls of amnesia
 i - 3 scrolls of enchant weapon
 j - 3 scrolls of remove curse
 q - 3 scrolls of teleportation
 u - a scroll of holy word {unknown}
 x - a scroll of noise {unknown}
Potions
 c - 4 potions of heal wounds
 f - 5 potions of curing
 k - 3 potions of haste {unknown}
 m - 2 potions of berserk rage
 n - a potion of mutation {unknown}
 o - 2 potions of magic {unknown}
 s - a potion of invisibility {unknown}
 w - a potion of brilliance {unknown}
 z - a potion of lignification {unknown}
 A - a potion of agility {unknown}
 B - a potion of cancellation {unknown}
Comestibles
 b - 3 rations


   Skills:
 + Level 3.2 Fighting
 - Level 2.0 Dodging
 - Level 2.6 Stealth
 - Level 5.0 Spellcasting
 - Level 8.0 Conjurations
 + Level 2.6 Translocations


You had 7 spell levels left.
You knew the following spells:

 Your Spells              Type           Power        Failure   Level  Hunger
a - Magic Dart            Conj           ####         1%          1    None
b - Searing Ray           Conj           #####.       1%          2    None
c - Iskenderun's Mystic   Conj/Tloc      ####....     12%         4    ####...
d - Conjure Flame         Conj/Fire      ###.....     6%          3    ##.....

Your spell library contained the following spells:

 Spells                   Type           Power        Failure   Level  Hunger
 Foxfire                  Conj/Fire      ###.         1%          1    None
 Dazzling Flash           Conj/Hex       ###...       6%          3    ##.....
 Beastly Appendage        Tmut           #.....       11%         1    None
 Sticks to Snakes         Tmut           #.......     16%         2    None
 Fulminant Prism          Conj/Hex       ###.......   21%         4    ####...
 Sticky Flame             Conj/Fire      ###.....     21%         4    ####...
 Inner Flame              Hex/Fire       #.......     32%         3    ##.....
 Spider Form              Tmut/Pois      #.........   32%         3    ##.....
 Fireball                 Conj/Fire      ###.......   50%         5    #####..
 Ice Form                 Ice/Tmut       #.......     71%         4    ####...
 Blade Hands              Tmut           #.........   96%         5    #####..


Dungeon Overview and Level Annotations

Branches:
Dungeon (7/15)             Temple (0/1) D:5         Ossuary (visited)

Altars:
Ashenzari
Cheibriados
Dithmenos
Gozag
Qazlal
Ru
Yredelemnul

Annotations:
D:4 1 runed translucent door, Crazy Yiuf
D:7 Dowan, Duvessa, Joseph


Innate Abilities, Weirdness & Mutations

You cannot wear most types of armour.
You are very stealthy in the water. (Stealth+)
You are amphibious.
You can wear up to eight rings at the same time.
You can use your tentacles to constrict eight enemies at once.
Your skin changes colour to match your surroundings (Stealth+).
Your rubbery body absorbs attacks. (AC +1, EV +1)


Message History

Level annotation: Dowan, Duvessa, Joseph Joseph shoots a sling bullet.
The sling bullet hits you! The sling bullet burns you.
There is a stone staircase leading up here.
You see here a sling bullet.
Casting: Searing Ray (safe; 1% risk of failure)
Confirm with . or Enter, or press ? or * to list all spells.
Aiming: Searing Ray (safe; 1% risk of failure)
Press: ? - help, Shift-Dir - straight line, f - Joseph
Aim: Joseph, wielding a +6 hunting sling of flaming, wearing a cursed +0 leather armour and quivering 13 sling bullets The searing ray misses Joseph. (Press . to maintain the ray.) Joseph shoots a sling bullet.
The sling bullet hits you! The sling bullet burns you.
The searing ray misses Joseph.
Joseph shoots a sling bullet.
The sling bullet hits you!
* * * LOW HITPOINT WARNING * * *
The sling bullet burns you.
You die...
Your body crumbles into a pile of gold.

..o.....##
.........########
........(.......#
......$.........#
$ #.<........###
###.....$.....#
............#..
#.@...........
#.....@.....#
.............#
......#.######
........# #####
.## $ .. .. ...


You could see Joseph.

Vanquished Creatures
  A hungry ghost (D:6)
  A phantom (D:6)
  A bullfrog (D:6)
  A howler monkey (D:4)
  2 crimson imps (D:6)
  A bullfrog zombie (D:5)
  A centaur zombie (Ossuary)
  3 hounds
  5 orc priests
  A bullfrog skeleton (D:5)
  2 orc wizards
  Ijyb (D:5)
  A worker ant (D:4)
  An iguana (D:4)
  2 big kobold zombies (Ossuary)
  2 mummies (Ossuary)
  5 adders
  8 gnolls
  A shadow imp (D:5)
  An ooze (D:3)
  7 worms
  An adder zombie (D:5)
  A dart slug (D:1)
  4 leopard geckos
  14 orcs
  4 giant cockroaches
  3 gnoll zombies (Ossuary)
  8 goblins
  9 hobgoblins
  2 jackals (D:2)
  3 quokkas
  2 ball pythons
  8 bats
  7 frilled lizards
  5 goblin zombies (Ossuary)
  2 hobgoblin zombies (Ossuary)
  An orc zombie (Ossuary)
  12 rats
134 creatures vanquished.

Notes
Turn   | Place    | Note
-------+----------+-------------------------------------------
     0 | D:1      | varam the Octopode Conjurer began the quest for the Orb.
     0 | D:1      | Reached XP level 1. HP: 11/11 MP: 3/3
   225 | D:1      | Reached XP level 2. HP: 17/17 MP: 3/5
   291 | D:1      | Found a snail-covered altar of Cheibriados.
   897 | D:1      | Learned a level 2 spell: Searing Ray
   931 | D:2      | Reached XP level 3. HP: 21/21 MP: 4/6
  1438 | D:2      | Reached skill level 5 in Conjurations
  1540 | D:2      | Reached XP level 4. HP: 27/27 MP: 5/8
  1900 | D:2      | Found an opulent altar of Gozag.
  1905 | D:2      | Became a worshipper of Gozag Ym Sagoz the Greedy
  2586 | D:3      | Noticed a water elemental
  2588 | D:3      | Found a stormy altar of Qazlal.
  2590 | D:3      | Noticed a fire elemental
  2590 | D:3      | Noticed an earth elemental
  2590 | D:3      | Noticed an air elemental
  3025 | D:3      | Reached skill level 3 in Spellcasting
  3033 | D:3      | Reached XP level 5. HP: 31/31 MP: 1/9
  3092 | D:3      | Found a shattered altar of Ashenzari.
  3682 | D:3      | Reached skill level 6 in Conjurations
  4036 | D:4      | Found a runed translucent door.
  4037 | D:4      | Noticed Crazy Yiuf
  4344 | D:4      | Found a sacrificial altar of Ru.
  4351 | D:4      | Reached XP level 6. HP: 27/36 MP: 5/11
  4847 | D:5      | Entered Level 5 of the Dungeon
  4922 | D:5      | Found a staircase to the Ecumenical Temple.
  5077 | D:5      | Found a sand-covered staircase.
  5086 | Ossuary  | Entered an ossuary
  5211 | Ossuary  | Reached skill level 7 in Conjurations
  5332 | Ossuary  | Reached skill level 4 in Spellcasting
  5332 | Ossuary  | Reached XP level 7. HP: 34/41 MP: 3/13
  6101 | D:5      | Noticed Ijyb
  6104 | D:5      | Paralysed by Ijyb for 4 turns
  6113 | D:5      | Paralysed by Ijyb for 2 turns
  6118 | D:5      | Killed Ijyb
  6321 | D:6      | Reached skill level 8 in Conjurations
  6327 | D:6      | Learned a level 4 spell: Iskenderun's Mystic Blast
  6331 | D:6      | Learned a level 3 spell: Conjure Flame
  6523 | D:6      | Reached skill level 1 in Fighting
  6523 | D:6      | Reached skill level 5 in Spellcasting
  6523 | D:6      | Reached XP level 8. HP: 41/48 MP: 5/15
  6681 | D:6      | Found a shadowy altar of Dithmenos.
  6745 | D:6      | Reached skill level 2 in Fighting
  6745 | D:6      | Reached skill level 1 in Translocations
  6749 | D:6      | Found a basalt altar of Yredelemnul.
  7091 | D:7      | Noticed Duvessa
  7091 | D:7      | Noticed Dowan
  7099 | D:7      | Noticed a two-headed ogre
  7320 | D:7      | Noticed Joseph
  7341 | D:6      | Reached skill level 3 in Fighting
  7341 | D:6      | Reached skill level 2 in Translocations
  7591 | D:7      | HP: 2/52 [Joseph/sling bullet (15)]
  7591 | D:7      | Shot with a sling bullet by Joseph

Levels and vault maps discovered:
D:1:      scummos_arrival_forest, layout_basic, cheibriados_altar_1
D:2:      layout_basic, marbit_many_paths, first_ration
D:3:      layout_basic, grunt_temple_overflow_magic_moments,
          nicolae_ashenzari_panopticon, nicolae_qazlal_style_of_elements
D:4:      layout_basic, nicolae_overflow_crystal_walls, uniq_crazy_yiuf_cottage
D:5:      layout_gridville, minmay_temple_entry_glassed_door,
          nicolae_ossuary_entry_monument, cheibrodos_gnoll_hut, uniq_ijyb
D:6:      layout_loops_corners, old_standard_altar,
          nicolae_dithmenos_through_a_glass_darkly
D:7:      layout_rooms, uniq_joseph, uniq_duvessa

Skill      XL: |  1  2  3  4  5  6  7  8 |
---------------+-------------------------+-----
Conjurations   | 5 6 7 8 |  8.0
Spellcasting   | 3 4 5 |  5.0
Fighting       | 1 3 |  3.2
Translocations | 2 |  2.6
Dodging        | |  2.0
Stealth        | |  2.6

Action                   |  1- 3 |  4- 6 |  7- 9 || total
-------------------------+-------+-------+-------++-------
Melee: Unarmed           |     3 |    27 |     9 ||    39
       Constrict         |     2 |     9 |     5 ||    16
       Tentacles         |       |     5 |     3 ||     8
       Dagger            |       |       |     1 ||     1
Throw: Dart              |     1 |    12 |     2 ||    15
 Cast: Magic Dart        |    63 |   128 |   109 ||   300
       Searing Ray       |     2 |    13 |    18 ||    33
       Iskenderun's Myst |       |       |     1 ||     1
  Use: Scroll            |       |       |     7 ||     7
  Eat: Chunk             |     2 |     2 |       ||     4
       Ration            |       |     3 |     3 ||     6
Armor: Skin              |     1 |     5 |     2 ||     8
Dodge: Dodged            |     5 |    31 |    30 ||    66

Table legend:
 A = Non-vault XP
 B = Vault XP
 C = Vault XP percentage of total XP
 D = Non-vault monster count
 E = Vault monster count
 F = Vault count percentage of total count
                 A         B        C        D         E       F
            +---------+---------+-------+---------+---------+-------
      Total |    1405 |     286 |  16.9 |     113 |      21 |  15.7
            +---------+---------+-------+---------+---------+-------
        D:1 |      33 |       0 |   0.0 |      21 |       0 |   0.0
        D:2 |      65 |       2 |   3.0 |      22 |       1 |   4.3
        D:3 |     155 |       0 |   0.0 |      23 |       0 |   0.0
        D:4 |     197 |       0 |   0.0 |      11 |       0 |   0.0
        D:5 |     259 |     135 |  34.3 |      16 |       4 |  20.0
        D:6 |     696 |       0 |   0.0 |      20 |       0 |   0.0
    Ossuary |       0 |     149 | 100.0 |       0 |      16 | 100.0
            +---------+---------+-------+---------+---------+-------
